3154 views
Uploaded 2020-04-08 06:52:14
Game version 1.32.3
27:15 long 3on3 ladder game on (6)Monsoon_LV
Saved by ninjaj
3154 views
Uploaded 2020-04-08 06:52:14
Game version 1.32.3
27:15 long 3on3 ladder game on (6)Monsoon_LV


163 units @ 21.4k
/ 3.5k
73 buildings @ 10.9k
/ 4.3k


| Healing Salve | 4 | 400 |
| Lesser Clarity Potion | 4 | 280 |
| Potion of Healing | 5 | 750 |
| Potion of Mana | 1 | 200 |
| Scroll of Speed | 1 | 50 |
| Scroll of Town Portal | 5 | 1750 |
| Rod of Necromancy | 1 | 150 |
| Orb of Corruption | 1 | 375 |
| total: | 22 | 3955g |
| Peon | 15 | 1125 | / | 0 |
| Troll Headhunter | 16 | 2240 | / | 320 |
| Shaman | 5 | 650 | / | 100 |
| Troll Witch Doctor | 2 | 290 | / | 50 |
| Troll Berserker | 4 | 560 | / | 80 |
| Spirit Walker | 1 | 195 | / | 35 |
| Tauren | 3 | 840 | / | 240 |
| total: | 46 | 5900g | / | 825w |
| Watch Tower | 4 | 440 | / | 320 |
| Altar of Storms | 1 | 180 | / | 50 |
| Orc Burrow | 14 | 2240 | / | 560 |
| War Mill | 1 | 205 | / | 0 |
| Barracks | 1 | 180 | / | 50 |
| Voodoo Lounge | 3 | 390 | / | 90 |
| Great Hall | 2 | 770 | / | 370 |
| Spirit Lodge | 2 | 300 | / | 300 |
| Tauren Totem | 1 | 135 | / | 155 |
| Stronghold | 1 | 315 | / | 190 |
| Fortress | 1 | 325 | / | 190 |
| total: | 29 | 4840g | / | 1895w |
| 0:04 | Peon |
| 0:04 | Peon |
| 0:04 | Peon |
| 0:24 | Altar of Storms |
| 0:36 | Orc Burrow |
| 0:51 | Peon |
| 0:52 | Peon |
| 1:01 | Peon |
| 1:07 | War Mill |
| 1:23 | Barracks |
| 1:45 | Orc Burrow |
| 1:51 | Peon |
| 1:57 | Voodoo Lounge |
| 2:24 | Troll Headhunter |
| 2:30 | War Stomp |
| 2:43 | Troll Headhunter |
| 3:02 | Troll Headhunter |
| 3:27 | Troll Headhunter |
| 3:50 | Endurance Aura |
| 3:57 | Troll Headhunter |
| 4:03 | Healing Salve |
| 4:06 | Lesser Clarity Potion |
| 4:12 | Orc Burrow |
| 5:09 | Stronghold |
| 5:10 | Troll Headhunter |
| 5:47 | Troll Headhunter |
| 6:32 | War Stomp |
| 6:59 | Orc Burrow |
| 7:20 | Orc Burrow |
| 7:21 | Voodoo Lounge |
| 7:42 | Orc Burrow |
| 7:58 | Orc Burrow |
| 8:19 | Watch Tower |
| 8:22 | Peon |
| 8:26 | Spirit Lodge |
| 8:28 | Peon |
| 8:35 | Healing Salve |
| 8:39 | Healing Salve |
| 9:02 | Troll Regeneration |
| 9:07 | Potion of Healing |
| 9:09 | Potion of Healing |
| 9:11 | Orc Burrow |
| 9:21 | Orc Burrow |
| 9:34 | Potion of Mana |
| 10:10 | Troll Headhunter |
| 10:38 | Watch Tower |
| 10:40 | Watch Tower |
| 11:34 | Troll Headhunter |
| 11:36 | Shaman Adept Training |
| 11:45 | Peon |
| 11:48 | Orc Burrow |
| 11:49 | Peon |
| 11:56 | Troll Headhunter |
| 12:21 | Voodoo Lounge |
| 12:35 | Troll Headhunter |
| 12:47 | Watch Tower |
| 12:58 | Reinforced Defenses |
| 13:06 | Healing Wave |
| 13:18 | Great Hall |
| 13:25 | Scroll of Town Portal |
| 13:31 | Lesser Clarity Potion |
| 13:57 | Troll Headhunter |
| 14:02 | Orc Burrow |
| 14:28 | Shaman |
| 15:15 | Scroll of Town Portal |
| 15:16 | Scroll of Speed |
| 15:41 | Spirit Lodge |
| 15:46 | Troll Headhunter |
| 16:44 | Scroll of Town Portal |
| 16:45 | Potion of Healing |
| 16:46 | Endurance Aura |
| 17:03 | Peon |
| 17:04 | Peon |
| 17:04 | Peon |
| 17:04 | Peon |
| 17:20 | Hex |
| 17:56 | Shaman |
| 17:57 | Witch Doctor Adept Training |
| 17:59 | Fortress |
| 18:00 | Troll Headhunter |
| 18:34 | Steel Armor |
| 18:36 | Shaman |
| 18:45 | Rod of Necromancy |
| 18:45 | Potion of Healing |
| 18:47 | Orb of Corruption |
| 18:58 | Troll Headhunter |
| 19:25 | Troll Headhunter |
| 20:00 | Tauren Totem |
| 20:26 | Berserker Upgrade |
| 20:27 | Shaman Master Training |
| 21:11 | Troll Witch Doctor |
| 21:12 | Witch Doctor Master Training |
| 21:13 | Troll Berserker |
| 21:20 | Lesser Clarity Potion |
| 21:21 | Healing Salve |
| 21:40 | Spirit Walker |
| 21:50 | Scroll of Town Portal |
| 21:56 | Troll Berserker |
| 21:59 | Tauren |
| 21:59 | Pulverize |
| 22:06 | Shaman |
| 22:28 | Troll Berserker |
| 22:30 | Orc Burrow |
| 22:45 | Orc Burrow |
| 22:49 | Steel Ranged Weapons |
| 23:04 | Scroll of Town Portal |
| 23:06 | Potion of Healing |
| 23:06 | Lesser Clarity Potion |
| 23:22 | Troll Berserker |
| 23:25 | Orc Burrow |
| 23:50 | Tauren |
| 23:52 | Troll Witch Doctor |
| 24:28 | Great Hall |
| 24:48 | Healing Wave |
| 25:08 | Tauren |
| 25:17 | Shaman |
| 26:18 | War Stomp |
| Select group | 2376 |
| Right click | 2159 |
| Select | 703 |
| Build/train/purchase | 187 |
| Assign group | 83 |
| Use ability | 72 |
| Resource trade | 18 |
| Item give/drop | 3 |
| Esc | 3 |
| Misc. action | 2 |
| Minimap ping | 1 |
Saggy
(2)
(27:15) : 

| Scroll of Regeneration | 1 | 100 |
| Potion of Healing | 2 | 300 |
| Potion of Mana | 2 | 400 |
| Orb of Fire | 1 | 325 |
| Scroll of Town Portal | 10 | 3500 |
| Potion of Lesser Invulnerability | 1 | 150 |
| total: | 17 | 4775g |
| Peasant | 23 | 1725 | / | 0 |
| Footman | 5 | 675 | / | 0 |
| Mortar Team | 10 | 1800 | / | 700 |
| Rifleman | 5 | 1025 | / | 150 |
| Flying Machine | 22 | 2200 | / | 660 |
| total: | 65 | 7425g | / | 1510w |
| Scout Tower | 3 | 90 | / | 60 |
| Arcane Tower | 1 | 70 | / | 50 |
| Guard Tower | 1 | 70 | / | 50 |
| Barracks | 2 | 320 | / | 120 |
| Altar of Kings | 1 | 180 | / | 50 |
| Farm | 8 | 640 | / | 160 |
| Arcane Vault | 3 | 390 | / | 90 |
| Town Hall | 1 | 385 | / | 205 |
| Lumber Mill | 1 | 120 | / | 0 |
| Blacksmith | 1 | 140 | / | 60 |
| Workshop | 5 | 700 | / | 700 |
| Keep | 3 | 960 | / | 630 |
| Castle | 1 | 360 | / | 210 |
| total: | 25 | 2965g | / | 1445w |
| 0:02 | Peasant |
| 0:02 | Peasant |
| 0:24 | Barracks |
| 0:31 | Peasant |
| 0:36 | Altar of Kings |
| 0:42 | Peasant |
| 0:50 | Farm |
| 1:01 | Peasant |
| 1:05 | Farm |
| 1:09 | Peasant |
| 1:17 | Peasant |
| 1:28 | Footman |
| 1:42 | Footman |
| 2:02 | Footman |
| 2:06 | Peasant |
| 2:08 | Farm |
| 2:15 | Peasant |
| 2:19 | Scout Tower |
| 2:35 | Farm |
| 2:47 | Summon Water Elemental |
| 3:00 | Keep |
| 3:01 | Keep |
| 3:28 | Footman |
| 3:39 | Footman |
| 3:48 | Brilliance Aura |
| 4:44 | Arcane Vault |
| 5:05 | Town Hall |
| 5:13 | Summon Water Elemental |
| 5:18 | Arcane Tower |
| 5:22 | Lumber Mill |
| 5:25 | Peasant |
| 5:25 | Peasant |
| 5:25 | Peasant |
| 5:27 | Long Rifles |
| 5:52 | Peasant |
| 6:28 | Peasant |
| 6:29 | Peasant |
| 6:29 | Peasant |
| 6:32 | Peasant |
| 6:32 | Peasant |
| 7:05 | Blacksmith |
| 7:14 | Scout Tower |
| 7:15 | Scout Tower |
| 7:44 | Castle |
| 7:47 | Workshop |
| 7:50 | Workshop |
| 7:51 | Workshop |
| 7:54 | Workshop |
| 8:15 | Arcane Vault |
| 8:17 | Guard Tower |
| 8:29 | Black Gunpowder |
| 8:30 | Farm |
| 8:32 | Farm |
| 8:36 | Farm |
| 9:05 | Defend |
| 9:08 | Mortar Team |
| 9:48 | Mortar Team |
| 9:53 | Rifleman |
| 9:53 | Rifleman |
| 9:53 | Rifleman |
| 9:57 | Farm |
| 10:37 | Fragmentation Shards |
| 10:38 | Mortar Team |
| 10:52 | Refined Gunpowder |
| 10:55 | Brilliance Aura |
| 11:07 | Flak Cannons |
| 11:15 | Arcane Vault |
| 11:27 | Flying Machine |
| 11:27 | Flying Machine |
| 11:37 | Storm Bolt |
| 11:46 | Scroll of Regeneration |
| 12:08 | Scroll of Town Portal |
| 12:13 | Scroll of Town Portal |
| 12:20 | Flying Machine |
| 12:20 | Flying Machine |
| 12:38 | Flying Machine |
| 13:01 | Flying Machine |
| 13:10 | Potion of Lesser Invulnerability |
| 13:11 | Flying Machine |
| 13:24 | Barracks |
| 14:37 | Mortar Team |
| 15:24 | Flying Machine |
| 15:24 | Flying Machine |
| 15:51 | Flying Machine |
| 15:51 | Flying Machine |
| 16:06 | Flying Machine |
| 16:06 | Flying Machine |
| 16:06 | Flying Machine |
| 16:37 | Mortar Team |
| 16:39 | Mortar Team |
| 16:50 | Summon Water Elemental |
| 17:36 | Scroll of Town Portal |
| 17:36 | Scroll of Town Portal |
| 17:36 | Scroll of Town Portal |
| 18:17 | Peasant |
| 18:17 | Peasant |
| 18:18 | Peasant |
| 18:18 | Peasant |
| 18:18 | Peasant |
| 18:23 | Thunder Clap |
| 18:38 | Studded Leather Armor |
| 19:23 | Flying Machine |
| 19:24 | Flying Machine |
| 19:25 | Flying Machine |
| 19:25 | Flying Machine |
| 20:07 | Scroll of Town Portal |
| 20:27 | Flying Machine |
| 21:03 | Mortar Team |
| 21:06 | Workshop |
| 21:16 | Rifleman |
| 21:16 | Rifleman |
| 21:18 | Imbued Gunpowder |
| 21:29 | Flying Machine |
| 21:52 | Flying Machine |
| 21:57 | Scroll of Town Portal |
| 22:14 | Flying Machine |
| 22:16 | Mortar Team |
| 22:38 | Mortar Team |
| 22:56 | Scroll of Town Portal |
| 22:56 | Scroll of Town Portal |
| 22:56 | Scroll of Town Portal |
| 23:27 | Mortar Team |
| 24:21 | Reinforced Leather Armor |
| 24:21 | Dragonhide Armor |
| 24:36 | Potion of Healing |
| 24:36 | Potion of Mana |
| 24:36 | Potion of Mana |
| 24:37 | Orb of Fire |
| 24:38 | Potion of Healing |
| 26:32 | Thunder Clap |
| Right click | 846 |
| Select group | 535 |
| Select | 413 |
| Build/train/purchase | 159 |
| Misc. action | 79 |
| Resource trade | 69 |
| Assign group | 46 |
| Use ability | 12 |
| Chat | 11 |
| Item give/drop | 1 |
| Minimap ping | 1 |



| Rod of Necromancy | 6 | 900 |
| Orb of Corruption | 1 | 375 |
| Potion of Mana | 2 | 400 |
| Potion of Healing | 1 | 150 |
| Scroll of Town Portal | 3 | 1050 |
| total: | 13 | 2875g |
| Acolyte | 16 | 1200 | / | 0 |
| Ghoul | 3 | 360 | / | 0 |
| Crypt Fiend | 17 | 3655 | / | 680 |
| Obsidian Statue | 8 | 1600 | / | 280 |
| Necromancer | 5 | 725 | / | 100 |
| Banshee | 2 | 310 | / | 60 |
| Abomination | 1 | 240 | / | 70 |
| total: | 52 | 8090g | / | 1190w |
| Nerubian Tower | 2 | 200 | / | 40 |
| Graveyard | 1 | 215 | / | 0 |
| Crypt | 1 | 200 | / | 50 |
| Altar of Darkness | 1 | 180 | / | 50 |
| Ziggurat | 9 | 1350 | / | 450 |
| Tomb of Relics | 1 | 130 | / | 30 |
| Necropolis | 3 | 675 | / | 0 |
| Slaughterhouse | 1 | 140 | / | 135 |
| Temple of the Damned | 1 | 155 | / | 140 |
| Sacrificial Pit | 1 | 75 | / | 150 |
| Halls of the Dead | 1 | 320 | / | 210 |
| Black Citadel | 1 | 325 | / | 230 |
| total: | 19 | 3120g | / | 1005w |
| 0:02 | Acolyte |
| 0:10 | Graveyard |
| 0:14 | Crypt |
| 0:20 | Acolyte |
| 0:20 | Acolyte |
| 0:20 | Acolyte |
| 0:50 | Altar of Darkness |
| 0:59 | Ziggurat |
| 1:17 | Ghoul |
| 1:37 | Tomb of Relics |
| 1:52 | Crypt Fiend |
| 2:01 | Ziggurat |
| 2:23 | Crypt Fiend |
| 2:50 | Rod of Necromancy |
| 2:55 | Death Coil |
| 3:14 | Halls of the Dead |
| 3:38 | Crypt Fiend |
| 3:58 | Unholy Aura |
| 4:12 | Nerubian Tower |
| 5:16 | Rod of Necromancy |
| 5:30 | Crypt Fiend |
| 5:48 | Ghoul |
| 6:21 | Black Citadel |
| 6:23 | Ghoul |
| 6:25 | Death Coil |
| 6:58 | Ziggurat |
| 7:03 | Slaughterhouse |
| 7:43 | Crypt Fiend |
| 7:52 | Rod of Necromancy |
| 8:04 | Ziggurat |
| 8:11 | Obsidian Statue |
| 8:52 | Orb of Corruption |
| 8:54 | Rod of Necromancy |
| 8:59 | Death Pact |
| 9:12 | Destroyer Form |
| 9:13 | Black Arrow |
| 9:14 | Frost Nova |
| 9:38 | Temple of the Damned |
| 9:46 | Burrow |
| 10:38 | Silence |
| 10:42 | Dark Ritual |
| 10:44 | Acolyte |
| 11:32 | Necropolis |
| 11:34 | Obsidian Statue |
| 11:49 | Necromancer Adept Training |
| 11:55 | Ziggurat |
| 12:27 | Crypt Fiend |
| 12:54 | Web |
| 13:07 | Crypt Fiend |
| 13:29 | Acolyte |
| 13:29 | Acolyte |
| 13:29 | Acolyte |
| 13:29 | Acolyte |
| 13:31 | Crypt Fiend |
| 13:36 | Potion of Mana |
| 13:36 | Rod of Necromancy |
| 14:02 | Necromancer |
| 14:07 | Banshee Adept Training |
| 14:17 | Death Coil |
| 14:28 | Frost Nova |
| 14:39 | Crypt Fiend |
| 14:41 | Black Arrow |
| 14:51 | Sacrificial Pit |
| 15:03 | Necropolis |
| 15:04 | Ziggurat |
| 15:09 | Creature Attack |
| 15:37 | Scroll of Town Portal |
| 15:40 | Obsidian Statue |
| 16:22 | Crypt Fiend |
| 16:50 | Crypt Fiend |
| 16:54 | Necromancer |
| 17:01 | Nerubian Tower |
| 17:10 | Crypt Fiend |
| 17:36 | Potion of Mana |
| 17:36 | Potion of Healing |
| 17:40 | Obsidian Statue |
| 18:07 | Acolyte |
| 18:07 | Acolyte |
| 18:07 | Acolyte |
| 18:07 | Acolyte |
| 18:10 | Necromancer |
| 18:10 | Crypt Fiend |
| 18:45 | Banshee |
| 19:18 | Dark Ritual |
| 19:27 | Crypt Fiend |
| 19:46 | Acolyte |
| 19:46 | Acolyte |
| 20:19 | Obsidian Statue |
| 20:41 | Animate Dead |
| 20:49 | Silence |
| 21:02 | Crypt Fiend |
| 21:07 | Necromancer |
| 21:08 | Crypt Fiend |
| 21:08 | Abomination |
| 21:09 | Disease Cloud |
| 21:12 | Obsidian Statue |
| 21:12 | Obsidian Statue |
| 21:22 | Scroll of Town Portal |
| 21:25 | Rod of Necromancy |
| 22:15 | Obsidian Statue |
| 22:16 | Crypt Fiend |
| 22:39 | Ziggurat |
| 22:57 | Scroll of Town Portal |
| 23:29 | Banshee |
| 23:36 | Necropolis |
| 23:43 | Ziggurat |
| 23:50 | Necromancer |
| 25:40 | Acolyte |
| 25:42 | Ziggurat |
| 26:44 | Frost Nova |
| 27:01 | Unholy Aura |
| 27:09 | Black Arrow |
| Select group | 3475 |
| Right click | 3090 |
| Select | 864 |
| Misc. action | 264 |
| Build/train/purchase | 214 |
| Assign group | 146 |
| Use ability | 123 |
| Resource trade | 11 |
| Minimap ping | 7 |
| Esc | 4 |
| Item give/drop | 2 |
124 units @ 23.9k
/ 3.6k
45 buildings @ 6.8k
/ 2.4k



| Scroll of Regeneration | 8 | 800 |
| Lesser Clarity Potion | 10 | 700 |
| Orb of Fire | 1 | 325 |
| Potion of Healing | 1 | 150 |
| Scroll of Town Portal | 5 | 1750 |
| total: | 25 | 3725g |
| Peasant | 14 | 1050 | / | 0 |
| Footman | 5 | 675 | / | 0 |
| Rifleman | 11 | 2255 | / | 330 |
| Knight | 8 | 1960 | / | 480 |
| Gryphon Rider | 14 | 3920 | / | 980 |
| Ogre Magi | 3 | 960 | / | 150 |
| Gnoll Warden | 4 | 860 | / | 80 |
| total: | 59 | 11680g | / | 2020w |
| Altar of Kings | 1 | 180 | / | 50 |
| Barracks | 1 | 160 | / | 60 |
| Farm | 10 | 800 | / | 200 |
| Town Hall | 2 | 770 | / | 410 |
| Arcane Vault | 1 | 130 | / | 30 |
| Blacksmith | 2 | 280 | / | 120 |
| Lumber Mill | 1 | 120 | / | 0 |
| Gryphon Aviary | 1 | 140 | / | 150 |
| Keep | 1 | 320 | / | 210 |
| Castle | 1 | 360 | / | 210 |
| total: | 19 | 2580g | / | 1020w |
| 0:02 | Peasant |
| 0:03 | Peasant |
| 0:05 | Altar of Kings |
| 0:19 | Barracks |
| 0:31 | Peasant |
| 0:35 | Farm |
| 0:39 | Peasant |
| 0:39 | Peasant |
| 1:04 | Farm |
| 1:09 | Peasant |
| 1:21 | Footman |
| 1:21 | Peasant |
| 1:38 | Farm |
| 1:44 | Footman |
| 1:52 | Peasant |
| 2:07 | Summon Water Elemental |
| 2:09 | Footman |
| 2:39 | Footman |
| 2:39 | Peasant |
| 2:39 | Peasant |
| 2:47 | Brilliance Aura |
| 3:04 | Town Hall |
| 3:30 | Peasant |
| 3:30 | Peasant |
| 3:41 | Arcane Vault |
| 3:49 | Summon Water Elemental |
| 3:58 | Farm |
| 4:25 | Scroll of Regeneration |
| 4:25 | Lesser Clarity Potion |
| 4:26 | Scroll of Regeneration |
| 4:26 | Lesser Clarity Potion |
| 4:32 | Peasant |
| 4:32 | Peasant |
| 4:40 | Farm |
| 4:47 | Farm |
| 5:08 | Blacksmith |
| 5:11 | Footman |
| 5:30 | Keep |
| 6:02 | Lumber Mill |
| 6:43 | Rifleman |
| 7:36 | Rifleman |
| 7:41 | Lesser Clarity Potion |
| 7:41 | Scroll of Regeneration |
| 7:44 | Rifleman |
| 7:53 | Scroll of Town Portal |
| 7:55 | Lesser Clarity Potion |
| 7:59 | Ogre Magi |
| 7:59 | Gnoll Warden |
| 8:05 | Farm |
| 8:14 | Farm |
| 8:15 | Improved Lumber Harvesting |
| 8:21 | Black Gunpowder |
| 8:35 | Ogre Magi |
| 8:35 | Gnoll Warden |
| 8:41 | Farm |
| 8:43 | Farm |
| 8:46 | Rifleman |
| 9:02 | Brilliance Aura |
| 9:12 | Storm Bolt |
| 9:13 | Rifleman |
| 9:48 | Rifleman |
| 9:49 | Castle |
| 10:12 | Rifleman |
| 10:41 | Rifleman |
| 10:52 | Gryphon Aviary |
| 11:10 | Rifleman |
| 11:29 | Scroll of Town Portal |
| 11:29 | Lesser Clarity Potion |
| 11:29 | Scroll of Regeneration |
| 11:31 | Scroll of Regeneration |
| 11:36 | Gnoll Warden |
| 11:42 | Rifleman |
| 11:46 | Iron Forged Swords |
| 12:10 | Rifleman |
| 12:33 | Knight |
| 12:35 | Gryphon Rider |
| 13:12 | Ogre Magi |
| 13:12 | Gnoll Warden |
| 13:18 | Knight |
| 13:21 | Gryphon Rider |
| 13:21 | Gryphon Rider |
| 13:34 | Holy Light |
| 14:37 | Scroll of Town Portal |
| 14:37 | Lesser Clarity Potion |
| 14:38 | Scroll of Regeneration |
| 14:44 | Knight |
| 14:45 | Gryphon Rider |
| 14:55 | Summon Water Elemental |
| 15:40 | Storm Hammers |
| 15:42 | Animal War Training |
| 16:23 | Bash |
| 16:32 | Knight |
| 16:33 | Gryphon Rider |
| 17:01 | Knight |
| 17:02 | Gryphon Rider |
| 17:59 | Devotion Aura |
| 18:05 | Gryphon Rider |
| 18:06 | Knight |
| 18:09 | Steel Forged Swords |
| 18:24 | Scroll of Regeneration |
| 18:24 | Lesser Clarity Potion |
| 18:26 | Scroll of Town Portal |
| 18:29 | Orb of Fire |
| 18:37 | Lesser Clarity Potion |
| 18:38 | Potion of Healing |
| 18:58 | Gryphon Rider |
| 19:23 | Scroll of Regeneration |
| 19:24 | Lesser Clarity Potion |
| 19:28 | Scroll of Town Portal |
| 19:45 | Lesser Clarity Potion |
| 20:52 | Gryphon Rider |
| 21:57 | Town Hall |
| 22:14 | Storm Bolt |
| 22:35 | Gryphon Rider |
| 22:55 | Mass Teleport |
| 23:12 | Gryphon Rider |
| 23:23 | Blacksmith |
| 24:12 | Gryphon Rider |
| 25:16 | Knight |
| 25:18 | Gryphon Rider |
| 25:23 | Mithril Forged Swords |
| 26:07 | Holy Light |
| 26:37 | Knight |
| 26:38 | Gryphon Rider |
| 27:07 | Bash |
| Select group | 1250 |
| Right click | 1195 |
| Select | 616 |
| Build/train/purchase | 203 |
| Misc. action | 189 |
| Assign group | 129 |
| Use ability | 74 |
| Chat | 39 |
| Minimap ping | 14 |



| Rod of Necromancy | 2 | 300 |
| Orb of Corruption | 1 | 375 |
| Potion of Healing | 1 | 150 |
| Scroll of Healing | 2 | 500 |
| Scroll of Town Portal | 1 | 350 |
| total: | 7 | 1675g |
| Acolyte | 3 | 225 | / | 0 |
| Ghoul | 2 | 240 | / | 0 |
| Crypt Fiend | 15 | 3225 | / | 600 |
| Obsidian Statue | 6 | 1200 | / | 210 |
| Abomination | 3 | 720 | / | 210 |
| Gnoll Brute | 1 | 215 | / | 20 |
| Gnoll Warden | 1 | 215 | / | 20 |
| Ogre Magi | 1 | 320 | / | 50 |
| Mud Golem | 1 | 145 | / | 10 |
| total: | 33 | 6505g | / | 1120w |
| Nerubian Tower | 1 | 100 | / | 20 |
| Altar of Darkness | 1 | 180 | / | 50 |
| Ziggurat | 8 | 1200 | / | 400 |
| Crypt | 1 | 200 | / | 50 |
| Tomb of Relics | 1 | 130 | / | 30 |
| Graveyard | 1 | 215 | / | 0 |
| Slaughterhouse | 1 | 140 | / | 135 |
| Halls of the Dead | 2 | 640 | / | 420 |
| Black Citadel | 1 | 325 | / | 230 |
| total: | 13 | 2065g | / | 665w |
| 0:01 | Acolyte |
| 0:01 | Acolyte |
| 0:09 | Altar of Darkness |
| 0:19 | Ziggurat |
| 0:35 | Crypt |
| 0:46 | Acolyte |
| 1:04 | Tomb of Relics |
| 1:19 | Graveyard |
| 1:41 | Ghoul |
| 1:42 | Ghoul |
| 2:12 | Rod of Necromancy |
| 2:13 | Death Coil |
| 2:35 | Halls of the Dead |
| 2:50 | Crypt Fiend |
| 3:08 | Ziggurat |
| 3:59 | Crypt Fiend |
| 3:59 | Crypt Fiend |
| 4:10 | Nerubian Tower |
| 5:09 | Crypt Fiend |
| 5:18 | Ziggurat |
| 5:23 | Black Citadel |
| 5:42 | Ziggurat |
| 6:24 | Slaughterhouse |
| 6:30 | Frost Nova |
| 7:08 | Ziggurat |
| 7:23 | Creature Attack |
| 7:58 | Obsidian Statue |
| 8:09 | Frost Arrows |
| 8:18 | Ziggurat |
| 8:31 | Creature Carapace |
| 9:25 | Unholy Aura |
| 9:40 | Dark Ritual |
| 10:13 | Destroyer Form |
| 10:15 | Crypt Fiend |
| 10:15 | Crypt Fiend |
| 11:18 | Obsidian Statue |
| 11:28 | Crypt Fiend |
| 11:37 | Disease Cloud |
| 11:38 | Abomination |
| 12:42 | Ziggurat |
| 13:45 | Web |
| 13:45 | Burrow |
| 13:46 | Crypt Fiend |
| 14:02 | Gnoll Brute |
| 14:03 | Gnoll Warden |
| 14:04 | Ogre Magi |
| 14:04 | Mud Golem |
| 15:04 | Ziggurat |
| 15:08 | Abomination |
| 16:02 | Death Coil |
| 16:02 | Death Coil |
| 16:33 | Frost Nova |
| 18:02 | Crypt Fiend |
| 18:02 | Crypt Fiend |
| 18:05 | Obsidian Statue |
| 18:05 | Obsidian Statue |
| 18:42 | Orb of Corruption |
| 18:42 | Scroll of Healing |
| 18:43 | Rod of Necromancy |
| 18:50 | Potion of Healing |
| 18:51 | Scroll of Healing |
| 19:10 | Improved Creature Carapace |
| 19:10 | Improved Creature Attack |
| 19:42 | Scroll of Town Portal |
| 20:17 | Crypt Fiend |
| 20:20 | Forked Lightning |
| 21:13 | Unholy Aura |
| 21:19 | Crypt Fiend |
| 21:22 | Obsidian Statue |
| 21:36 | Advanced Creature Carapace |
| 22:20 | Crypt Fiend |
| 22:21 | Crypt Fiend |
| 22:48 | Obsidian Statue |
| 25:27 | Crypt Fiend |
| 25:29 | Abomination |
| Right click | 1312 |
| Select group | 698 |
| Select | 610 |
| Misc. action | 219 |
| Build/train/purchase | 100 |
| Use ability | 62 |
| Assign group | 49 |
| Minimap ping | 5 |
| Esc | 3 |


| Healing Salve | 3 | 300 |
| Scroll of Healing | 1 | 250 |
| Scroll of Protection | 1 | 150 |
| total: | 5 | 700g |
| Peon | 7 | 525 | / | 0 |
| Grunt | 12 | 2400 | / | 0 |
| Wind Rider | 4 | 1060 | / | 160 |
| Raider | 6 | 1080 | / | 240 |
| Gnoll Brute | 2 | 430 | / | 40 |
| Gnoll Warden | 1 | 215 | / | 20 |
| total: | 32 | 5710g | / | 460w |
| Altar of Storms | 1 | 180 | / | 50 |
| Orc Burrow | 6 | 960 | / | 240 |
| Barracks | 2 | 360 | / | 100 |
| Voodoo Lounge | 1 | 130 | / | 30 |
| War Mill | 1 | 205 | / | 0 |
| Beastiary | 2 | 290 | / | 280 |
| Stronghold | 1 | 315 | / | 190 |
| Fortress | 1 | 325 | / | 190 |
| total: | 13 | 2125g | / | 700w |
| 0:03 | Peon |
| 0:03 | Peon |
| 0:10 | Altar of Storms |
| 0:19 | Orc Burrow |
| 0:25 | Peon |
| 0:37 | Barracks |
| 0:47 | Peon |
| 1:06 | Peon |
| 1:20 | Peon |
| 1:32 | Orc Burrow |
| 1:37 | Peon |
| 1:50 | Grunt |
| 2:10 | Feral Spirit |
| 2:27 | Grunt |
| 2:40 | Stronghold |
| 2:55 | Voodoo Lounge |
| 3:12 | Grunt |
| 3:35 | Orc Burrow |
| 3:56 | Grunt |
| 4:50 | Grunt |
| 5:13 | Healing Salve |
| 5:30 | Grunt |
| 5:54 | Chain Lighting |
| 6:10 | War Stomp |
| 6:13 | Fortress |
| 6:17 | Beastiary |
| 7:23 | Beastiary |
| 7:31 | Orc Burrow |
| 7:54 | War Mill |
| 8:24 | Orc Burrow |
| 8:27 | Wind Rider |
| 9:01 | Wind Rider |
| 9:10 | Steel Ranged Weapons |
| 9:12 | Endurance Aura |
| 9:14 | Feral Spirit |
| 9:25 | Steel Armor |
| 9:27 | Berserker Strength |
| 9:29 | Envenomed Spears |
| 9:33 | Wind Rider |
| 10:49 | Wind Rider |
| 11:18 | Gnoll Brute |
| 11:37 | Thorium Ranged Weapons |
| 11:58 | Scroll of Protection |
| 12:11 | Scroll of Healing |
| 12:48 | Thorium Armor |
| 14:59 | Arcanite Ranged Weapons |
| 15:01 | Raider |
| 15:04 | Berserker Upgrade |
| 15:57 | Endurance Aura |
| 16:35 | Ensnare |
| 16:36 | Steel Melee Weapons |
| 16:38 | Raider |
| 17:23 | Chain Lighting |
| 17:39 | Raider |
| 17:40 | Grunt |
| 18:12 | Grunt |
| 18:15 | Raider |
| 18:17 | Raider |
| 18:22 | Barracks |
| 18:27 | Thorium Melee Weapons |
| 18:31 | Orc Burrow |
| 18:51 | Healing Salve |
| 18:52 | Healing Salve |
| 19:56 | Gnoll Brute |
| 20:18 | Grunt |
| 21:26 | Gnoll Warden |
| 21:36 | Grunt |
| 22:44 | Grunt |
| 23:20 | Arcanite Melee Weapons |
| 24:45 | Raider |
| 24:47 | Grunt |
| 25:18 | Arcanite Armor |
| 26:26 | War Stomp |
| Right click | 913 |
| Select | 383 |
| Select group | 246 |
| Assign group | 108 |
| Build/train/purchase | 89 |
| Use ability | 38 |
| Minimap ping | 22 |
| Resource trade | 10 |
| Item give/drop | 2 |
⇛